PUBAA
SPOKANE WORDS @ TERRY'S BATS
05/04/1972
 
TOP OF THE 1ST
Spokane Words batting - Pitching for Terry's Bats : LHP Britt Albert
Pitching: LHP Britt Albert
Batting: RHB Scott Northey 0-0: Ball
1-0: Called Strike
1-1: Foul Ball, location: 2F
1-2: Hit by Pitch
Batting: LHB Tim Gates 0-0: Called Strike
0-1: Grounds into double play, 5-4-3 (Groundball, 56S, EV 91.3 MPH)
Batting: RHB Ricky Parkinson 0-0: Called Strike
0-1: Foul Ball, location: 9LDF
0-2: Ball
1-2: Ball
2-2: Strikes out swinging, 2-3 out at first.
Top of the 1st over - 0 runs, 0 hits, 0 errors, 0 left on base; Spokane 0 - Terry's 0
BOTTOM OF THE 1ST
Terry's Bats batting - Pitching for Spokane Words : RHP Jim Owen
Pitching: RHP Jim Owen
Batting: LHB Jim Davis 0-0: Foul Ball, location: 2F
0-1: Ball
1-1: Ball
2-1: Called Strike
2-2: SINGLE (Line Drive, 78S, EV 97.5 MPH)
Batting: RHB Rich Severson 0-0: Called Strike
Jim Davis steals 2nd base
0-1: Ball
1-1: Swinging Strike
1-2: Foul Ball, location: 5F
1-2: Strikes out swinging
Batting: LHB Sancho Deleón 0-0: Foul Ball, location: 7LMF
0-1: Swinging Strike
0-2: Hit by Pitch
Batting: RHB William Williams 0-0: Called Strike
0-1: Ball
1-1: Ball
2-1: Ball
3-1: Foul Ball, location: 2F
3-2: Strikes out looking
Batting: LHB Sabeeh Abdul-Nasir 0-0: Called Strike
0-1: Ball
1-1: Foul Ball, location: 2RF
1-2: Fly out, F9 (Flyball, 9S, EV 75.6 MPH)
Bottom of the 1st over - 0 runs, 1 hit, 0 errors, 2 left on base; Spokane 0 - Terry's 0
TOP OF THE 2ND
Spokane Words batting - Pitching for Terry's Bats : LHP Britt Albert
Batting: RHB Bruce Velazquez 0-0: Ball
1-0: Ball
2-0: Swinging Strike
2-1: Called Strike
2-2: Strikes out swinging
Batting: RHB Dave Roberts 0-0: SINGLE (Line Drive, 89S, EV 109.4 MPH)
Batting: LHB David Marroquín 0-0: Foul Ball, location: 7LDF
0-1: Ball
1-1: Ball
2-1: Ball
3-1: Base on Balls
Dave Roberts to second
Batting: RHB Joe Rombouts 0-0: SINGLE (Line Drive, 56D, EV 99.4 MPH)
Dave Roberts to third
David Marroquín to second
Runner from 3rd tries for Home, SAFE, throw by LF to home
Batting: RHB Jim Wohlford 0-0: Foul Ball, location: 7LMF
0-1: Ball
1-1: Ball
2-1: Swinging Strike
2-2: Strikes out swinging
Batting: LHB Mike Marshall 0-0: Swinging Strike
0-1: Ball
1-1: Ball
2-1: Foul Ball, location: 2F
2-2: SINGLE (Line Drive, 78S, EV 103.1 MPH)
David Marroquín to third
Joe Rombouts to second
Runner from 3rd tries for Home, SAFE, throw by CF to home
Batting: RHB Scott Northey 0-0: Ball
1-0: Ball
2-0: Ball
3-0: Called Strike
3-1: Foul Ball, location: 9LMF
3-2: Base on Balls
Joe Rombouts to third
Mike Marshall to second
Batting: LHB Tim Gates 0-0: Ball
1-0: Swinging Strike
1-1: Ball
2-1: Ball
3-1: Base on Balls
Joe Rombouts scores
Mike Marshall to third
Scott Northey to second
Batting: RHB Ricky Parkinson 0-0: Foul Ball, location: 25F
0-1: Swinging Strike
0-2: Fly out, F7 (Flyball, 7LM, EV 91.3 MPH)
Top of the 2nd over - 3 runs, 3 hits, 0 errors, 3 left on base; Spokane 3 - Terry's 0
BOTTOM OF THE 2ND
Terry's Bats batting - Pitching for Spokane Words : RHP Jim Owen
Batting: RHB Jon Compton 0-0: Ball
1-0: SINGLE (Line Drive, 6D, EV 94.4 MPH)
Batting: LHB Dave Wilson 0-0: Fielders Choice at 2nd, 5-4 (Groundball, 56, EV 93.8 MPH)
Batting: SHB Darrel Chaney 0-0: Ball
1-0: Foul Ball, location: 25F
1-1: Foul Ball, location: 7LSF
1-2: Ball
2-2: Ball
3-2: Foul Ball, location: 2F
3-2: Foul Ball, location: 3F
3-2: Base on Balls
Dave Wilson to second
Batting: LHB Joe Moock 0-0: Swinging Strike
0-1: Ball
1-1: Ball
2-1: Foul Ball, location: 2F
2-2: Foul Ball, location: 7LMF
2-2: SINGLE (Groundball, 4MD, EV 104.4 MPH)
Dave Wilson to third
Darrel Chaney to second
Runner from 3rd tries for Home, SAFE, throw by CF to home
Batting: LHB Jim Davis 0-0: Swinging Strike
0-1: Foul Ball, location: 2F
0-2: Ball
1-2: Ball
2-2: Strikes out looking
Batting: RHB Rich Severson 0-0: Fielders Choice at 3rd, U5 (Groundball, 5, EV 103.8 MPH)
Bottom of the 2nd over - 1 run, 2 hits, 0 errors, 1 left on base; Spokane 3 - Terry's 1
TOP OF THE 3RD
Spokane Words batting - Pitching for Terry's Bats : LHP Britt Albert
Batting: RHB Bruce Velazquez 0-0: Ball
1-0: Called Strike
1-1: Ball
2-1: Swinging Strike
2-2: Ball
3-2: Base on Balls
Batting: RHB Dave Roberts 0-0: Called Strike
0-1: Ball
1-1: Called Strike
1-2: Strikes out swinging
Batting: LHB David Marroquín 0-0: Ball
1-0: Ball
2-0: Ball
3-0: Called Strike
3-1: Base on Balls
Bruce Velazquez to second
Batting: RHB Joe Rombouts 0-0: Ball
1-0: Called Strike
1-1: Swinging Strike
1-2: Ball
2-2: Ball
3-2: Fly out, F7 (Flyball, 78M, EV 92.5 MPH)
Batting: RHB Jim Wohlford 0-0: Ball
1-0: Ball
Wild Pitch!
Bruce Velazquez to third
David Marroquín to second
2-0: Ball
3-0: Base on Balls
Batting: LHB Mike Marshall 0-0: Ball
1-0: Ground out 4-3 (Groundball, 4, EV 84.4 MPH)
Top of the 3rd over - 0 runs, 0 hits, 0 errors, 3 left on base; Spokane 3 - Terry's 1
BOTTOM OF THE 3RD
Terry's Bats batting - Pitching for Spokane Words : RHP Jim Owen
Batting: LHB Sancho Deleón 0-0: Called Strike
0-1: Foul Ball, location: 2F
0-2: Ball
1-2: Ball
2-2: Strikes out swinging
Batting: RHB William Williams 0-0: Called Strike
0-1: Ball
1-1: Swinging Strike
1-2: SINGLE (Line Drive, 5D, EV 108.8 MPH)
Batting: LHB Sabeeh Abdul-Nasir 0-0: Called Strike
0-1: Ball
1-1: Called Strike
1-2: Strikes out looking
Batting: RHB Jon Compton 0-0: Foul Ball, location: 2F
0-1: DOUBLE (Flyball, 7LD, EV 96.9 MPH)
William Williams to third
Batting: LHB Dave Wilson 0-0: Ball
1-0: SINGLE (Line Drive, 89M, EV 105.6 MPH)
William Williams scores
Jon Compton to third
Runner from 3rd tries for Home, SAFE, throw by CF to home
Batting: SHB Darrel Chaney 0-0: Ball
1-0: Swinging Strike
1-1: Ball
Dave Wilson is caught stealing 2nd base 2-6
Bottom of the 3rd over - 2 runs, 3 hits, 0 errors, 0 left on base; Spokane 3 - Terry's 3
TOP OF THE 4TH
Spokane Words batting - Pitching for Terry's Bats : LHP Britt Albert
Batting: RHB Scott Northey 0-0: Ball
1-0: Ball
2-0: Foul Ball, location: 2F
2-1: Swinging Strike
2-2: Foul Ball, location: 2F
2-2: Foul Ball, location: 9LDF
2-2: Strikes out looking
Batting: LHB Tim Gates 0-0: Ball
1-0: Foul Ball, location: 2F
1-1: Foul Ball, location: 9LSF
1-2: Fly out, F3 (Popup, 3F, EV 67.5 MPH)
Batting: RHB Ricky Parkinson 0-0: Called Strike
0-1: Ball
1-1: Foul Ball, location: 2F
1-2: Foul Ball, location: 9LMF
1-2: Strikes out swinging
Top of the 4th over - 0 runs, 0 hits, 0 errors, 0 left on base; Spokane 3 - Terry's 3
BOTTOM OF THE 4TH
Terry's Bats batting - Pitching for Spokane Words : RHP Jim Owen
Batting: SHB Darrel Chaney 0-0: Ball
1-0: SINGLE (Line Drive, 5D, EV 98.1 MPH)
Batting: LHB Joe Moock 0-0: Called Strike
0-1: Swinging Strike
0-2: Foul Ball, location: 2F
0-2: Strikes out swinging
Batting: LHB Jim Davis 0-0: Ball
1-0: Fly out, F6 (Line Drive, 6, EV 64.4 MPH)
Batting: RHB Rich Severson 0-0: Ball
1-0: Fielders Choice at 2nd, 6-4 (Groundball, 6, EV 86.3 MPH)
Bottom of the 4th over - 0 runs, 1 hit, 0 errors, 1 left on base; Spokane 3 - Terry's 3
TOP OF THE 5TH
Spokane Words batting - Pitching for Terry's Bats : LHP Britt Albert
Batting: RHB Bruce Velazquez 0-0: Called Strike
0-1: Ball
1-1: Ball
2-1: Swinging Strike
2-2: Strikes out swinging, 2-3 out at first.
Batting: RHB Dave Roberts 0-0: SOLO HOME RUN (Flyball, 7LD, EV 92.5 MPH), Distance : 343 ft
Batting: LHB David Marroquín 0-0: Ball
1-0: Ball
2-0: Called Strike
2-1: Ball
3-1: Base on Balls
Batting: RHB Joe Rombouts 0-0: Called Strike
0-1: Foul Ball, location: 25F
0-2: Foul Ball, location: 2LF
0-2: Ball
1-2: Ball
2-2: Foul Ball, location: 25F
2-2: Ball
David Marroquín is caught stealing 2nd base 2-4
3-2: Strikes out swinging
Top of the 5th over - 1 run, 1 hit, 0 errors, 0 left on base; Spokane 4 - Terry's 3
BOTTOM OF THE 5TH
Terry's Bats batting - Pitching for Spokane Words : RHP Jim Owen
Batting: LHB Sancho Deleón 0-0: Ball
1-0: Ball
2-0: Ball
3-0: Called Strike
3-1: Foul Ball, location: 2F
3-2: Fly out, F7 (Flyball, 78S, EV 91.9 MPH)
Batting: RHB William Williams 0-0: Ball
1-0: Ball
2-0: Called Strike
2-1: Called Strike
2-2: Ball
3-2: Strikes out swinging
Batting: LHB Sabeeh Abdul-Nasir 0-0: Called Strike
0-1: SINGLE (Groundball, 34D, EV 101.9 MPH)
Batting: RHB Jon Compton 0-0: Called Strike
0-1: Called Strike
0-2: Ball
1-2: Ball
2-2: Ball
3-2: Foul Ball, location: 9LSF
3-2: Base on Balls
Sabeeh Abdul-Nasir to second
Batting: LHB Dave Wilson 0-0: Ball
1-0: Swinging Strike
1-1: DOUBLE (Line Drive, 5D, EV 98.1 MPH)
Sabeeh Abdul-Nasir scores
Jon Compton to third
Runner from 3rd tries for Home, SAFE, throw by LF to trailing runner, OUT at third! 7-3-5
Bottom of the 5th over - 2 runs, 2 hits, 0 errors, 0 left on base; Spokane 4 - Terry's 5
TOP OF THE 6TH
Spokane Words batting - Pitching for Terry's Bats : LHP Britt Albert
Batting: RHB Jim Wohlford 0-0: Foul Ball, location: 9LSF
0-1: Called Strike
0-2: Strikes out swinging
Batting: LHB Mike Marshall 0-0: Called Strike
0-1: Ball
1-1: Foul Ball, location: 9LSF
1-2: Foul Ball, location: 2F
1-2: Strikes out swinging
Batting: RHB Scott Northey 0-0: Ball
1-0: Foul Ball, location: 25FF
1-1: Ball
2-1: Ground out 6-3 (Groundball, 6, EV 86.9 MPH)
Top of the 6th over - 0 runs, 0 hits, 0 errors, 0 left on base; Spokane 4 - Terry's 5
BOTTOM OF THE 6TH
Terry's Bats batting - Pitching for Spokane Words : RHP Jim Owen
Batting: SHB Darrel Chaney 0-0: Foul Ball, location: 2F
0-1: Called Strike
0-2: Ball
1-2: Foul Ball, location: 2F
1-2: Strikes out looking
Batting: LHB Joe Moock 0-0: Fly out, F3 (Line Drive, 3L, EV 63.1 MPH)
Batting: LHB Jim Davis 0-0: Ball
1-0: Called Strike
1-1: Foul Ball, location: 7LSF
1-2: Ball
2-2: Foul Ball, location: 5SF
2-2: Foul Ball, location: 25F
2-2: Strikes out swinging
Bottom of the 6th over - 0 runs, 0 hits, 0 errors, 0 left on base; Spokane 4 - Terry's 5
TOP OF THE 7TH
Spokane Words batting - Pitching for Terry's Bats : LHP Britt Albert
Batting: LHB Tim Gates 0-0: Ball
1-0: Called Strike
1-1: Ball
2-1: Swinging Strike
2-2: Foul Ball, location: 2F
2-2: Strikes out looking
Batting: RHB Ricky Parkinson 0-0: Called Strike
0-1: SINGLE (Flyball, 89S, EV 98.8 MPH)
Pitching: LHP Don Gullett
Batting: RHB Bruce Velazquez 0-0: SINGLE (Line Drive, 56D, EV 70.0 MPH)
Ricky Parkinson to second
Pinch Runner at 2nd Jake Ríos:
Batting: RHB Dave Roberts 0-0: DOUBLE (Flyball, 89XD, EV 85.0 MPH)
Jake Ríos scores
Bruce Velazquez to third
Pinch Hitting: RHB David Thomas 0-0: Intentional Walk
Batting: RHB Joe Rombouts 0-0: Called Strike
0-1: Swinging Strike
0-2: Strikes out looking
Batting: RHB Jim Wohlford 0-0: Ball
1-0: Called Strike
1-1: Ball
2-1: Foul Ball, location: 2F
2-2: Ball
3-2: Strikes out looking
Top of the 7th over - 1 run, 3 hits, 0 errors, 3 left on base; Spokane 5 - Terry's 5
BOTTOM OF THE 7TH
Terry's Bats batting - Pitching for Spokane Words : RHP Jim Owen
Pitching: RHP Mark Hoffman
Now in RF: Jorge Gómez
Batting: RHB Rich Severson 0-0: Called Strike
0-1: Ball
1-1: Ground out U3 (Groundball, 3, EV 108.8 MPH)
Batting: LHB Sancho Deleón 0-0: Ball
1-0: Foul Ball, location: 3DF
1-1: Ball
2-1: Ball
3-1: Called Strike
3-2: Base on Balls
Batting: RHB William Williams 0-0: Called Strike
0-1: Ball
1-1: Foul Ball, location: 2F
1-2: SINGLE (Line Drive, 8LM, EV 97.5 MPH)
Sancho Deleón to second
Batting: LHB Sabeeh Abdul-Nasir 0-0: Called Strike
0-1: Ball
1-1: Ball
2-1: Swinging Strike
2-2: Grounds into double play, 4-6-3 (Groundball, 4, EV 82.5 MPH)
Bottom of the 7th over - 0 runs, 1 hit, 0 errors, 1 left on base; Spokane 5 - Terry's 5
TOP OF THE 8TH
Spokane Words batting - Pitching for Terry's Bats : LHP Don Gullett
Batting: LHB Mike Marshall 0-0: Reached on error, E7 (Flyball, 7D, EV 101.3 MPH)
Batting: RHB Scott Northey 0-0: Swinging Strike
0-1: Ball
1-1: Ball
2-1: Called Strike
2-2: Strikes out swinging
Batting: LHB Tim Gates 0-0: Foul Ball, location: 25F
0-1: Foul Ball, location: 23F
0-2: DOUBLE (Line Drive, 5D, EV 105.6 MPH)
Mike Marshall scores
Batting: RHB Jake Ríos 0-0: Ball
1-0: Ball
2-0: Foul Ball, location: 9LMF
2-1: Ball
3-1: Fly out, F8 (Flyball, 8LD, EV 107.5 MPH)
Batting: RHB Bruce Velazquez 0-0: Called Strike
0-1: Called Strike
0-2: Strikes out looking
Top of the 8th over - 1 run, 1 hit, 1 error, 1 left on base; Spokane 6 - Terry's 5
BOTTOM OF THE 8TH
Terry's Bats batting - Pitching for Spokane Words : RHP Mark Hoffman
Batting: RHB Jon Compton 0-0: SINGLE (Line Drive, 4MD, EV 96.3 MPH)
Batting: LHB Dave Wilson 0-0: Ball
Wild Pitch!
Jon Compton to second
1-0: Called Strike
1-1: Foul Ball, location: 7LDF
1-2: Foul Ball, location: 5FF
1-2: Ground out 6-3 (Groundball, 6, EV 81.3 MPH)
Pinch Hitting: RHB Alex Hastings 0-0: Ball
1-0: Ball
2-0: Ball
3-0: Base on Balls
Batting: LHB Joe Moock 0-0: Called Strike
0-1: Swinging Strike
0-2: SINGLE (Groundball, 4MD, EV 100.0 MPH)
Jon Compton to third
Alex Hastings to second
Runner from 3rd tries for Home, SAFE, throw by CF to home
Batting: LHB Jim Davis 0-0: Hit by Pitch
Alex Hastings to third
Joe Moock to second
Batting: RHB Rich Severson 0-0: Ball
1-0: SINGLE (Groundball, 4, EV 105.6 MPH) (infield hit)
Alex Hastings scores
Joe Moock to third
Jim Davis to second
Batting: LHB Sancho Deleón 0-0: Foul Ball, location: 9LSF
0-1: Ball
1-1: Ball
2-1: Swinging Strike
2-2: Ball
3-2: Foul Ball, location: 9LDF
3-2: Base on Balls
Joe Moock scores
Jim Davis to third
Rich Severson to second
Batting: RHB William Williams 0-0: Foul Ball, location: 23F
0-1: Ball
1-1: Ball
2-1: Ball
3-1: Foul Ball, location: 9LDF
3-2: Strikes out swinging
Pitching: LHP Dave Crane
Batting: LHB Sabeeh Abdul-Nasir 0-0: Foul Ball, location: 3F
0-1: Ball
1-1: Ball
2-1: Fly out, F7 (Flyball, 7LM, EV 91.9 MPH)
Bottom of the 8th over - 3 runs, 3 hits, 0 errors, 3 left on base; Spokane 6 - Terry's 8
TOP OF THE 9TH
Spokane Words batting - Pitching for Terry's Bats : LHP Don Gullett
Now at 1B: Joe Moock
Now at 2B: Ricardo Trujillo
Now at 3B: Ron Cey
Now at SS: Rich Severson
Batting: RHB Dave Roberts 0-0: Fly out, F7 (Line Drive, 7, EV 90.0 MPH)
Pinch Hitting: RHB Paul Trewin 0-0: Fly out, F9 (Flyball, 9, EV 94.4 MPH)
Batting: RHB Joe Rombouts 0-0: Called Strike
0-1: Ball
1-1: Foul Ball, location: 9LSF
1-2: Strikes out swinging
Top of the 9th over - 0 runs, 0 hits, 0 errors, 0 left on base; Spokane 6 - Terry's 8
Tuesday, March 5th , 2024 - OOTP Baseball 24.8 Build 75